[Event "ICC tourney 2716 (40 10)"]
[Site "Internet Chess Club"]
[Date "2021.10.23"]
[Round "3"]
[White "RAMESH, RAHUL:rockinroll"]
[Black "Wan, Caleb:chess-caleb"]
[Result "0-1"]
[ICCResult "White checkmated"]
[WhiteElo "1833"]
[BlackElo "2028"]
[Opening "Queen's pawn, Mason variation, Steinitz counter-gambit"]
[ECO "D00"]
[NIC "QP.08"]
[Time "15:30:22"]
[PlyCount "70"]
[TimeControl "2400+10"]

1. d4 d5 2. Bf4 c5 3. e3 Nc6 4. Bb5 cxd4 5. exd4 Bf5 6. c3 e6 7. Nf3 Bd6 8.
Ne5 Ne7 9. g4 Be4 10. f3 Bg6 11. Nd2 f6 12. Nxg6 Nxg6 13. Bg3 Qc7 14. Rg1 a6
15. Ba4 Rc8 16. Qe2 Kf7 17. Nb3 Bf4 18. Nc5 Rhe8 19. Kf2 Re7 20. Rge1 Rce8
21. Bb3 Qd6 22. Nd3 Na5 23. Nxf4 Nxf4 24. Qd2 Nxb3 25. axb3 g5 26. h4 Qb6
27. b4 e5 28. hxg5 fxg5 29. Bxf4 exf4 30. Qd3 Qh6 31. Qf5+ Kg7 32. Rxe7+
Rxe7 33. Rg1 Qh4+ 34. Kg2 Re2+ 35. Kf1 Qf2# {White checkmated} 0-1

[Event "ICC tourney 2716 (40 10)"]
[Site "Internet Chess Club"]
[Date "2021.10.23"]
[Round "3"]
[White "YAN, NATHAN:Natey"]
[Black "IVANOV, ALEXANDER:marble"]
[Result "0-1"]
[ICCResult "White checkmated"]
[WhiteElo "1849"]
[BlackElo "2422"]
[Opening "Robatsch defense: two knights, Suttles variation"]
[ECO "B06"]
[NIC "KF.05"]
[Time "15:30:21"]
[PlyCount "114"]
[TimeControl "2400+10"]

1. e4 g6 2. d4 Bg7 3. Nf3 d6 4. Nc3 c6 5. Be2 Nd7 6. O-O Qc7 7. Bf4 e5 8.
dxe5 dxe5 9. Be3 Ngf6 10. h3 b5 11. a3 O-O 12. Qd2 Bb7 13. Rad1 Rfe8 14. Bh6
Nc5 15. Bxg7 Kxg7 16. Qe3 Ne6 17. g3 a6 18. Rd2 c5 19. Nd5 Nxd5 20. exd5 Nd4
21. c3 Nxe2+ 22. Qxe2 e4 23. Nh4 e3 24. fxe3 Qxg3+ 25. Ng2 Re4 26. Qf3 Qxf3
27. Rxf3 Rd8 28. Nf4 Rd6 29. Rdf2 Rd7 30. Rg3 Kh6 31. Nd3 Rxd5 32. Rxf7 Rxd3
33. Rxb7 Rdxe3 34. Rxe3 Rxe3 35. Rb6 Rxh3 36. Rxa6 Rd3 37. Rf6 Rd1+ 38. Kg2
Rd2+ 39. Rf2 Rxf2+ 40. Kxf2 c4 41. Ke3 Kg5 42. Kd4 h5 43. Kc5 h4 44. Kxb5 h3
45. a4 h2 46. Kxc4 h1=Q 47. b3 Qc6+ 48. Kb4 Kf5 49. c4 g5 50. a5 g4 51. Kc3
g3 52. b4 g2 53. b5 Qf3+ 54. Kb4 g1=Q 55. a6 Qd4 56. a7 Qfc3+ 57. Ka4 Qdxc4#
{White checkmated}
0-1

[Event "ICC tourney 2716 (40 10)"]
[Site "Internet Chess Club"]
[Date "2021.10.23"]
[Round "3"]
[White "Vittal, Sanjana:MCTS13"]
[Black "PLUM, MARC:Slivovitz"]
[Result "1/2-1/2"]
[ICCResult "Game drawn by mutual agreement"]
[WhiteElo "2056"]
[BlackElo "1929"]
[Opening "King's pawn opening"]
[ECO "B07"]
[NIC "VO.17"]
[Time "15:30:40"]
[PlyCount "74"]
[TimeControl "2400+10"]

1. e4 d6 2. Nc3 Nf6 3. Bc4 e6 4. Bb3 d5 5. exd5 exd5 6. d4 c6 7. Nf3 Be7 8.
O-O O-O 9. Ne2 Nbd7 10. c3 Re8 11. Nf4 Nf8 12. Bc2 Ng6 13. Nxg6 hxg6 14. h3
Bf5 15. Bf4 Bd6 16. Be5 Be4 17. Re1 Qc7 18. Bxd6 Qxd6 19. Ne5 Bxc2 20. Qxc2
Nd7 21. Nxd7 Qxd7 22. a4 b6 23. Qd2 f6 24. Qd3 Kf7 25. b4 a5 26. Reb1 Qc7
27. c4 Red8 28. bxa5 Rxa5 29. Qb3 dxc4 30. Qxc4+ Rdd5 31. Rc1 Qd7 32. Qxc6
Qxc6 33. Rxc6 Rxd4 34. Rxb6 Rdxa4 35. Rb7+ Kg8 36. Rxa4 Rxa4 37. Kh2 Kh7
{Game drawn by mutual agreement}
1/2-1/2

[Event "ICC tourney 2716 (40 10)"]
[Site "Internet Chess Club"]
[Date "2021.10.23"]
[Round "3"]
[White "TANG, ZOEY:WonderZ"]
[Black "SATTARU, SRITEJ SAI:FL2009"]
[Result "1-0"]
[ICCResult "Black resigns"]
[WhiteElo "2081"]
[BlackElo "1795"]
[Opening "QGD: exchange, positional line"]
[ECO "D35"]
[NIC "QO.16"]
[Time "15:30:31"]
[PlyCount "77"]
[TimeControl "2400+10"]

1. d4 d5 2. c4 e6 3. Nc3 Nf6 4. cxd5 exd5 5. Bg5 Be6 6. e3 a6 7. Bd3 Nbd7 8.
Nf3 Be7 9. Qc2 h6 10. Bf4 Rc8 11. O-O c5 12. dxc5 Nxc5 13. Nd4 Nce4 14. Rac1
Nxc3 15. bxc3 O-O 16. Qb3 b5 17. a4 bxa4 18. Qxa4 a5 19. Nc6 Bd7 20. Nxe7+
Qxe7 21. Qxa5 Rc5 22. Qb4 Rfc8 23. h3 Qe8 24. Rfd1 Bb5 25. Bd6 Bxd3 26. Bxc5
Bc4 27. Rb1 Ne4 28. Bd4 Qe6 29. Rb2 Qf5 30. Qe7 Kh7 31. Ra1 Ng5 32. Qe5 Qg6
33. Qg3 Qf5 34. Qg4 Qxg4 35. hxg4 Ne4 36. Ra7 Kg6 37. Rbb7 Nd6 38. Rb6 Rd8
39. Bc5 {Black resigns} 1-0

[Event "ICC tourney 2716 (40 10)"]
[Site "Internet Chess Club"]
[Date "2021.10.23"]
[Round "3"]
[White "SLADE, THEODORE LUKE:MrNormalName"]
[Black "Ghosh, Dipankar:Dipankar007"]
[Result "1-0"]
[ICCResult "Black resigns"]
[WhiteElo "2112"]
[BlackElo "1850"]
[Opening "QGD Slav defense"]
[ECO "D10"]
[NIC "SL.01"]
[Time "15:31:09"]
[PlyCount "105"]
[TimeControl "2400+10"]

1. d4 d5 2. c4 c6 3. Nc3 Nf6 4. e3 a6 5. Nf3 Bf5 6. Qb3 Ra7 7. Nh4 Bc8 8. a4
e6 9. a5 Bd6 10. Qb6 Ra8 11. Qxd8+ Kxd8 12. c5 Bc7 13. f4 Ke7 14. Bd2 Nbd7
15. Be2 h6 16. Nf3 g5 17. b4 Nf8 18. O-O-O Ng6 19. g3 g4 20. Ne5 Bd7 21.
Nxg4 Nxg4 22. Bxg4 h5 23. Be2 f5 24. Rdg1 Rag8 25. Be1 Rh6 26. Nd1 Rgh8 27.
Nf2 Nf8 28. Bf3 Nh7 29. Rg2 Nf6 30. Rhg1 Rg8 31. Kd2 Be8 32. h3 Rhg6 33. Ke2
R6g7 34. g4 hxg4 35. hxg4 fxg4 36. Nxg4 Nxg4 37. Rxg4 Rxg4 38. Rxg4 Rxg4 39.
Bxg4 Bg6 40. Bh4+ Kd7 41. Kf3 Bd8 42. Bxd8 Kxd8 43. Bxe6 Ke7 44. Bc8 Bd3 45.
Bxb7 Bb5 46. Bc8 Kf6 47. e4 dxe4+ 48. Kxe4 Bc4 49. Bb7 Bb5 50. d5 cxd5+ 51.
Kxd5 Ke7 52. c6 Kd8 53. Kd6 {Black resigns} 1-0

[Event "ICC tourney 2716 (40 10)"]
[Site "Internet Chess Club"]
[Date "2021.10.23"]
[Round "3"]
[White "JIANG, JASON:JasonJiang10"]
[Black "ZENG, ELBERT:investigator"]
[Result "0-1"]
[ICCResult "White resigns"]
[WhiteElo "1784"]
[BlackElo "2028"]
[Opening "King's Indian defense, 3.Nc3"]
[ECO "E61"]
[NIC "EO.64"]
[Time "15:30:44"]
[PlyCount "110"]
[TimeControl "2400+10"]

1. c4 Nf6 2. Nc3 g6 3. d4 Bg7 4. Nf3 O-O 5. Bf4 d6 6. e3 Nbd7 7. Be2 b6 8.
O-O Bb7 9. Qd2 Re8 10. h3 e5 11. dxe5 dxe5 12. Bh2 Qe7 13. Qc2 Red8 14. Rad1
a6 15. Rd2 e4 16. Nd4 Ne5 17. Rfd1 c5 18. Nb3 Nc6 19. a3 Rxd2 20. Rxd2 Rd8
21. Na4 Rxd2 22. Qxd2 Nd7 23. Qd6 Qxd6 24. Bxd6 Be5 25. Bxe5 Ncxe5 26. Nd2
f5 27. b3 Kf7 28. f4 exf3 29. Nxf3 Nxf3+ 30. gxf3 Ke6 31. Kf2 Bc6 32. Nc3
Nf6 33. Bf1 g5 34. Bd3 Ke5 35. Ne2 h5 36. f4+ gxf4 37. exf4+ Ke6 38. Ng3 Be4
39. Bxe4 Nxe4+ 40. Nxe4 fxe4 41. Ke3 Kf5 42. h4 b5 43. cxb5 axb5 44. a4 c4
45. a5 cxb3 46. a6 b2 47. a7 b1=Q 48. a8=Q Qd3+ 49. Kf2 Qd2+ 50. Kg1 Qd1+
51. Kf2 Qc2+ 52. Kg3 Qd3+ 53. Kf2 e3+ 54. Kf3 e2+ 55. Kf2 e1=Q+ {White
resigns} 0-1

[Event "ICC tourney 2716 (40 10)"]
[Site "Internet Chess Club"]
[Date "2021.10.23"]
[Round "3"]
[White "CHUBAKOV, SULTAN:schubakov"]
[Black "LYNN, BENNETT:ben622"]
[Result "0-1"]
[ICCResult "White forfeits on time"]
[WhiteElo "2025"]
[BlackElo "1737"]
[Opening "King's Indian defense"]
[ECO "E60"]
[NIC "KI.80"]
[Time "15:30:19"]
[PlyCount "54"]
[TimeControl "2400+10"]

1. d4 Nf6 2. c4 g6 3. h4 Bg7 4. Nc3 d6 5. e4 Nc6 6. Nge2 e5 7. d5 Nb8 8. f3
c6 9. Bg5 Nbd7 10. dxc6 bxc6 11. Qxd6 Qb6 12. O-O-O Bf8 13. Qd2 Bb4 14. a3
Be7 15. Bh6 Nc5 16. Kb1 Nb3 17. Qc2 Rb8 18. Bg7 Rg8 19. Bxf6 Bxf6 20. g4 Be7
21. Ka2 Be6 22. Na4 Qa6 23. Nc1 Nd4 24. Rxd4 exd4 25. b3 Kf8 26. Be2 Kg7 27.
f4 Rgd8 {White forfeits on time} 0-1

[Event "ICC tourney 2716 (40 10)"]
[Site "Internet Chess Club"]
[Date "2021.10.23"]
[Round "3"]
[White "WU, WILLIAM:K09-15782241"]
[Black "CHAMPSI, IMRAN:imranchamp"]
[Result "1-0"]
[ICCResult "Black checkmated"]
[WhiteElo "1904"]
[BlackElo "1668"]
[Opening "Sicilian: Alapin's variation (2.c3)"]
[ECO "B22"]
[NIC "SI.46"]
[Time "15:30:27"]
[PlyCount "129"]
[TimeControl "2400+10"]

1. e4 c5 2. c3 d5 3. exd5 Qxd5 4. d4 cxd4 5. cxd4 Nc6 6. Nf3 e6 7. Nc3 Qd6
8. Bd3 Nf6 9. O-O Be7 10. Bg5 O-O 11. Ne4 Nxe4 12. Bxe7 Nxe7 13. Bxe4 Nd5
14. Rc1 Nf6 15. Bb1 Bd7 16. Qe2 Rac8 17. Qe5 Qd5 18. Qxd5 Nxd5 19. Be4 Rxc1
20. Rxc1 Bc6 21. Kf1 Ne3+ 22. fxe3 Bxe4 23. Rc7 f6 24. Ke2 Bc6 25. g3 Rf7
26. Rc8+ Rf8 27. Rxf8+ Kxf8 28. Nd2 Ke7 29. e4 Kd6 30. Nc4+ Ke7 31. Ke3 Bb5
32. b3 Kd7 33. a4 Bc6 34. a5 Bb5 35. Na3 Bf1 36. d5 f5 37. exf5 exd5 38. Kd4
Kd6 39. Nc2 Bg2 40. Ne3 Be4 41. g4 h6 42. h4 Bf3 43. g5 hxg5 44. hxg5 Be4
45. g6 Bb1 46. f6 Bxg6 47. fxg7 Bf7 48. Nf5+ Kc6 49. Nh6 Be6 50. Ke5 Kd7 51.
Kf6 d4 52. Nf7 Bxf7 53. Kxf7 d3 54. g8=Q d2 55. Qg1 Kc6 56. Qd1 Kb5 57. Qxd2
b6 58. axb6 Ka6 59. bxa7 Kb7 60. a8=Q+ Kxa8 61. Qd7 Kb8 62. Ke6 Ka8 63. Kd6
Kb8 64. Kc6 Ka8 65. Qb7# {Black checkmated} 1-0

[Event "ICC tourney 2716 (40 10)"]
[Site "Internet Chess Club"]
[Date "2021.10.23"]
[Round "3"]
[White "WU, JAYDEN:SparkyNinja"]
[Black "TANG, AUSTIN:Mrpeetapizza"]
[Result "0-1"]
[ICCResult "White resigns"]
[WhiteElo "1730"]
[BlackElo "1871"]
[Opening "Sicilian: closed"]
[ECO "B24"]
[NIC "SI.44"]
[Time "15:30:18"]
[PlyCount "116"]
[TimeControl "2400+10"]

1. e4 c5 2. Nc3 Nc6 3. g3 g6 4. Bg2 Bg7 5. Nge2 e6 6. d3 d6 7. O-O Nge7 8.
Be3 O-O 9. Qd2 Nd4 10. Nd1 Nec6 11. c3 Nxe2+ 12. Qxe2 b6 13. f4 d5 14. e5
Ba6 15. Nf2 Rc8 16. Bd2 Qe7 17. Rfe1 Rfe8 18. Qf3 f6 19. exf6 Qxf6 20. Ng4
Qf5 21. Nf2 Rcd8 22. Bh3 Qf7 23. Bg2 e5 24. Ng4 e4 25. dxe4 dxe4 26. Rxe4
Rxd2 27. Rxe8+ Qxe8 28. Qxc6 Qxc6 29. Bxc6 Rxb2 30. Rc1 Kf8 31. Bd5 Rd2 32.
Be6 Ke7 33. Bg8 h5 34. Ne3 Rd3 35. Nd5+ Kd6 36. c4 b5 37. Re1 Bc8 38. Ne7
Bd4+ 39. Kh1 Bb7+ 40. Nd5 bxc4 41. Re6+ Kxd5 42. Rb6+ Ke4 43. Rxb7 Rd1+ 44.
Kg2 Rd2+ 45. Kh1 Kf3 46. Bd5+ Kf2 47. Rb1 c3 48. Rc1 c2 49. Bb3 Kf3 50. Bxc2
Bb2 51. Bd1+ Kf2 52. Rc2 Rxc2 53. Bxc2 c4 54. Bxg6 c3 55. Bc2 Ke3 56. f5 Kd2
57. f6 Kxc2 58. f7 Ba3 {White resigns} 0-1

[Event "ICC tourney 2716 (40 10)"]
[Site "Internet Chess Club"]
[Date "2021.10.23"]
[Round "3"]
[White "HO, COOPER:arsenicblast"]
[Black "DENG, HENRY:SuperPuzzler"]
[Result "0-1"]
[ICCResult "White resigns"]
[WhiteElo "1868"]
[BlackElo "2061"]
[Opening "Giuoco Piano"]
[ECO "C50"]
[NIC "IG.02"]
[Time "15:30:22"]
[PlyCount "110"]
[TimeControl "2400+10"]

1. e4 e5 2. Nf3 Nc6 3. Bc4 Bc5 4. O-O Nf6 5. d3 d6 6. c3 a6 7. a4 Ba7 8.
Nbd2 O-O 9. h3 h6 10. Re1 Be6 11. Bxe6 fxe6 12. Nc4 Qe8 13. d4 exd4 14. cxd4
Nxe4 15. Rxe4 d5 16. Rg4 h5 17. Rg3 dxc4 18. Bh6 Rf7 19. d5 Rd8 20. Qc2 Nd4
21. Nxd4 Bxd4 22. Be3 Bxe3 23. Rxe3 Rxd5 24. Qxc4 Qd7 25. Rae1 Rf6 26. b3
Qd6 27. Qe2 Kf7 28. Rf3 Qe7 29. Rxf6+ Qxf6 30. Qc4 c6 31. Qb4 Rd7 32. Qc5
Qf5 33. Qb4 Qf6 34. Re3 Qd4 35. Rf3+ Kg8 36. Qf8+ Kh7 37. Qe8 Qa1+ 38. Kh2
Qe5+ 39. g3 Rc7 40. Rf4 g6 41. Qb8 Qg7 42. Re4 Rf7 43. Kg2 g5 44. Qe5 Qf6
45. Re2 Qf3+ 46. Kh2 Qd5 47. Qc3 b5 48. axb5 axb5 49. Rd2 Qe4 50. Qc5 Kh6
51. Rd6 Rf5 52. Qb6 Qe2 53. Kg2 Qf3+ 54. Kg1 Re5 55. Qa5 Re2 {White resigns}
0-1

[Event "ICC tourney 2716 (40 10)"]
[Site "Internet Chess Club"]
[Date "2021.10.23"]
[Round "3"]
[White "YANG, ALEXANDER:K05-16917728"]
[Black "Gaw, Chloe:HarleyQueen8"]
[Result "1/2-1/2"]
[ICCResult "Game drawn because neither player has mating material"]
[WhiteElo "1663"]
[BlackElo "1828"]
[Opening "Queen's gambit accepted"]
[ECO "D20"]
[NIC "QG.03"]
[Time "15:31:02"]
[PlyCount "190"]
[TimeControl "2400+10"]

1. d4 d5 2. c4 dxc4 3. Nc3 Nf6 4. e3 e6 5. Bxc4 c5 6. Nf3 a6 7. a4 Nc6 8.
O-O Be7 9. b3 O-O 10. Bb2 cxd4 11. exd4 Nb4 12. Re1 b6 13. Ne4 Bb7 14. Nxf6+
Bxf6 15. Ne5 Nd5 16. g3 Be7 17. Ba3 Bxa3 18. Rxa3 Qd6 19. Ra1 a5 20. Qe2
Rad8 21. Bxd5 Qxd5 22. f3 Qxd4+ 23. Qe3 Ba6 24. Nc6 Qxe3+ 25. Rxe3 Rd6 26.
Rc1 f6 27. b4 Bb7 28. b5 Kf7 29. Rec3 Rd7 30. Rc4 e5 31. f4 Ke6 32. fxe5
fxe5 33. Re1 Bxc6 34. Rxc6+ Rd6 35. Rec1 Rd8 36. Rc7 R8d7 37. R7c6 Ke7 38.
Rxd6 Rxd6 39. Rc7+ Kf6 40. Kg2 e4 41. Kf2 Rd4 42. Rc6+ Kf7 43. Rxb6 Rxa4 44.
Ra6 Ra3 45. b6 Rb3 46. Ra7+ Kf6 47. b7 h6 48. Ra6+ Kf7 49. Ra7 Ke6 50. Ra6+
Ke7 51. Rxa5 Rxb7 52. Re5+ Kf6 53. Rxe4 Kf5 54. Rf4+ Ke5 55. Ra4 Kf5 56.
Rf4+ Ke5 57. Ra4 Rb2+ 58. Kg1 g6 59. Kh1 Kf5 60. Rf4+ Kg5 61. Ra4 h5 62. Kg1
Rc2 63. Kh1 Re2 64. Kg1 Kf5 65. h3 Ke5 66. h4 Kf5 67. Rf4+ Ke5 68. Ra4 Rd2
69. Rb4 Re2 70. Kf1 Rd2 71. Kg1 Kf5 72. Rf4+ Ke5 73. Rb4 Ra2 74. Kf1 Rc2 75.
Kg1 Kf6 76. Rb5 Re2 77. Kf1 Rd2 78. Kg1 Kg7 79. Rb6 Kh6 80. Kf1 Kg7 81. Kg1
Kf7 82. Kf1 Rc2 83. Kg1 Re2 84. Kf1 Rd2 85. Kg1 Re2 86. Kf1 Re6 87. Rxe6
Kxe6 88. Ke2 Kf6 89. Kf2 Ke6 90. Ke2 Kf5 91. Kf3 g5 92. hxg5 Kxg5 93. Kf2
Kg4 94. Kg2 h4 95. gxh4 Kxh4
{Game drawn because neither player has mating material}
1/2-1/2

[Event "ICC tourney 2716 (40 10)"]
[Site "Internet Chess Club"]
[Date "2021.10.23"]
[Round "4"]
[White "POMERANTZ, DANIEL G:dpomerantz135"]
[Black "WU, WILLIAM:K09-15782241"]
[Result "1-0"]
[ICCResult "Black resigns"]
[WhiteElo "2050"]
[BlackElo "1904"]
[Opening "Ruy Lopez: fianchetto (Smyslov/Barnes) defense"]
[ECO "C60"]
[NIC "RL.03"]
[Time "17:45:26"]
[PlyCount "113"]
[TimeControl "2400+10"]

1. e4 e5 2. Nf3 Nc6 3. Bb5 g6 4. O-O Bg7 5. c3 a6 6. Ba4 b5 7. Bb3 Nge7 8.
d4 exd4 9. cxd4 d6 10. h3 O-O 11. Nc3 Na5 12. Bc2 c5 13. Bg5 h6 14. Bf4 Nac6
15. d5 Ne5 16. Nxe5 dxe5 17. Be3 Qd6 18. Qd2 Kh7 19. f4 f6 20. fxe5 fxe5 21.
Rxf8 Bxf8 22. Qf2 Bg7 23. Bxc5 Qd7 24. Qf7 Ng8 25. Rf1 Qxf7 26. Rxf7 Nf6 27.
Bf8 Ne8 28. Bxg7 Nxg7 29. Re7 b4 30. Na4 Rb8 31. Rxe5 Bd7 32. Nc5 Bb5 33.
Re7 Rc8 34. Ne6 Rxc2 35. Rxg7+ Kh8 36. Rxg6 Rxb2 37. Rxh6+ Kg8 38. Rg6+ Kf7
39. Rg7+ Ke8 40. Rb7 Bc4 41. Nd4 Bxa2 42. d6 Rd2 43. d7+ Ke7 44. Nc6+ Kf6
45. d8=Q+ Rxd8 46. Nxd8 b3 47. Nc6 Ke6 48. Nd4+ Ke5 49. Nxb3 Kxe4 50. Nc5+
Kd5 51. Nxa6 Kc6 52. Rb2 Bc4 53. Nb4+ Kb5 54. Nd5+ Ka4 55. Ne3 Bb3 56. Rxb3
Kxb3 57. h4 {Black resigns} 1-0

[Event "ICC tourney 2716 (40 10)"]
[Site "Internet Chess Club"]
[Date "2021.10.23"]
[Round "4"]
[White "CHAMPSI, IMRAN:imranchamp"]
[Black "LIN, LEO FANYUE:Leolix"]
[Result "0-1"]
[ICCResult "White checkmated"]
[WhiteElo "1668"]
[BlackElo "1850"]
[Opening "Sicilian: Najdorf, Zagreb (fianchetto) variation"]
[ECO "B91"]
[NIC "SI.14"]
[Time "17:46:00"]
[PlyCount "60"]
[TimeControl "2400+10"]

1. e4 c5 2. Nf3 d6 3. d4 cxd4 4. Nxd4 Nf6 5. Nc3 a6 6. g3 e5 7. Nf3 Be7 8.
Bg2 Nc6 9. O-O O-O 10. Bg5 Be6 11. Nd5 Bxd5 12. exd5 Nxd5 13. Qxd5 Bxg5 14.
Nxg5 Qxg5 15. Qxd6 Rfd8 16. Qc7 Nd4 17. Bxb7 Rab8 18. Bxa6 Qg4 19. Bb7 e4
20. f3 Nxf3+ 21. Kg2 Rd2+ 22. Rf2 Rbd8 23. Rf1 Rxf2+ 24. Rxf2 Nh4+ 25. Kg1
Rd1+ 26. Rf1 Rxf1+ 27. Kxf1 Qf3+ 28. Ke1 Ng2+ 29. Kd2 Qe3+ 30. Kd1 Qe1#
{White checkmated}
0-1

[Event "ICC tourney 2716 (40 10)"]
[Site "Internet Chess Club"]
[Date "2021.10.23"]
[Round "4"]
[White "Turcotte, Jonathan:JonnyTurgi"]
[Black "YAN, RUIYANG:jy2020"]
[Result "0-1"]
[ICCResult "White resigns"]
[WhiteElo "2000"]
[BlackElo "2160"]
[Opening "QGD: Ragozin variation"]
[ECO "D38"]
[NIC "NI.27"]
[Time "17:45:24"]
[PlyCount "86"]
[TimeControl "2400+10"]

1. d4 Nf6 2. c4 e6 3. Nf3 d5 4. Nc3 Bb4 5. cxd5 exd5 6. Bg5 h6 7. Bh4 O-O 8.
e3 Bf5 9. Be2 c6 10. O-O Nbd7 11. Qb3 Qb6 12. Nd2 Bd6 13. Rfc1 Rfe8 14. Bg3
Bxg3 15. hxg3 Qxb3 16. Nxb3 Re7 17. Na4 Ne4 18. Nac5 Ndxc5 19. Nxc5 Nd6 20.
a4 a5 21. Ra3 b6 22. Nd3 Nc4 23. Rb3 Bd7 24. Nf4 Rb8 25. Bxc4 dxc4 26. Rxc4
g5 27. Nh5 Be6 28. d5 cxd5 29. Rd4 Reb7 30. Rb5 Rc8 31. Nf6+ Kg7 32. Nxd5
Rc1+ 33. Kh2 Rc2 34. f3 Bxd5 35. Rdxd5 Re7 36. e4 g4 37. Kg1 Re6 38. e5 gxf3
39. gxf3 Rg6 40. g4 Rgc6 41. Rd6 R6c4 42. b3 R4c3 43. Rf6 Rd2 {White
resigns} 0-1

[Event "ICC tourney 2716 (40 10)"]
[Site "Internet Chess Club"]
[Date "2021.10.23"]
[Round "4"]
[White "MARKOVIC, GORAN:Goran21"]
[Black "FANG, JADEN:SaltyCarrot777"]
[Result "0-1"]
[ICCResult "White resigns"]
[WhiteElo "1856"]
[BlackElo "2048"]
[Opening "English opening"]
[ECO "A20"]
[NIC "EO.25"]
[Time "17:45:32"]
[PlyCount "106"]
[TimeControl "2400+10"]

1. c4 e5 2. b3 Nc6 3. Bb2 Nf6 4. e3 d5 5. cxd5 Nxd5 6. a3 Be7 7. d3 O-O 8.
Nf3 Bf6 9. Qc2 Bh4 10. g3 Bf6 11. Bg2 Ndb4 12. axb4 Nxb4 13. Qd2 Nxd3+ 14.
Kf1 Nxb2 15. Qxb2 e4 16. Nd4 c5 17. Nc3 cxd4 18. Nxe4 dxe3 19. Nxf6+ Qxf6
20. Qxf6 gxf6 21. fxe3 Be6 22. Kf2 Rfd8 23. Bxb7 Rab8 24. Bc6 Rd2+ 25. Kf3
Bh3 26. Rhg1 f5 27. Rxa7 Rxb3 28. Kf4 h6 29. Re1 Rc3 30. Bd7 Rxh2 31. Be8 f6
32. Bf7+ Kh8 33. Ra2 Rxa2 34. Bxa2 Rc2 35. e4 Rxa2 36. exf5 Rf2+ 37. Ke4
Rxf5 38. Ra1 Rg5 39. Kf4 Kh7 40. Ra7+ Kg6 41. Ra8 Kh5 42. Rf8 Rf5+ 43. Ke4
Kg4 44. Rh8 h5 45. Rf8 Kxg3 46. Rb8 Rf4+ 47. Ke3 h4 48. Rb1 Bg2 49. Rb4 Rxb4
50. Ke2 h3 51. Ke3 h2 52. Ke2 h1=Q 53. Kd3 Qd1+ {White resigns} 0-1

[Event "ICC tourney 2716 (40 10)"]
[Site "Internet Chess Club"]
[Date "2021.10.23"]
[Round "4"]
[White "TANG, DYLAN:ruitang"]
[Black "JIANG, JASON:JasonJiang10"]
[Result "1-0"]
[ICCResult "Black resigns"]
[WhiteElo "1504"]
[BlackElo "1784"]
[Opening "Sicilian: dragon, 6.Be3"]
[ECO "B72"]
[NIC "SI.16"]
[Time "17:45:53"]
[PlyCount "47"]
[TimeControl "2400+10"]

1. e4 c5 2. Nf3 d6 3. d4 cxd4 4. Nxd4 Nf6 5. Nc3 g6 6. Be3 Bg7 7. h3 O-O 8.
Bc4 Nc6 9. Bb3 Bd7 10. O-O Rc8 11. f4 Na5 12. e5 Ne8 13. e6 Bxd4 14. exf7+
Kg7 15. Bxd4+ Nf6 16. g4 Nxb3 17. axb3 Kxf7 18. Rxa7 Bc6 19. f5 g5 20. Qe1
Qd7 21. b4 Rc7 22. b5 Bxb5 23. Qe6+ Ke8 24. Ra8+ {Black resigns} 1-0

[Event "ICC tourney 2716 (40 10)"]
[Site "Internet Chess Club"]
[Date "2021.10.23"]
[Round "4"]
[White "SATTARU, SRITEJ SAI:FL2009"]
[Black "WU, JAYDEN:SparkyNinja"]
[Result "1-0"]
[ICCResult "Black resigns"]
[WhiteElo "1795"]
[BlackElo "1730"]
[Opening "Sicilian: Canal-Sokolsky attack, 3...Bd7"]
[ECO "B52"]
[NIC "SI.01"]
[Time "17:46:22"]
[PlyCount "57"]
[TimeControl "2400+10"]

1. e4 c5 2. Nf3 d6 3. Bb5+ Bd7 4. c4 Nf6 5. Nc3 Nc6 6. d4 cxd4 7. Nxd4 g6 8.
O-O Bg7 9. Be3 O-O 10. f3 Ne5 11. b3 a6 12. Bxd7 Qxd7 13. Qd2 Nc6 14. Rfd1
Rfd8 15. Rac1 Rac8 16. Nde2 Ne5 17. Nf4 b5 18. Nfd5 Nxd5 19. Nxd5 Qb7 20.
cxb5 axb5 21. Bb6 Rd7 22. Be3 Rc6 23. h3 Kh8 24. f4 Rxc1 25. Rxc1 Nc6 26.
Qc2 Nd8 27. Nb6 Kg8 28. Nxd7 Qxd7 29. Qc8 {Black resigns} 1-0

[Event "ICC tourney 2716 (40 10)"]
[Site "Internet Chess Club"]
[Date "2021.10.23"]
[Round "4"]
[White "YAN, NATHAN:Natey"]
[Black "CHINNI, RISHABH:alphachesplayer"]
[Result "1-0"]
[ICCResult "Black checkmated"]
[WhiteElo "1849"]
[BlackElo "1498"]
[Opening "Ruy Lopez: Marshall counter-attack, 11...c6"]
[ECO "C89"]
[NIC "RL.17"]
[Time "17:45:31"]
[PlyCount "73"]
[TimeControl "2400+10"]

1. e4 e5 2. Nf3 Nc6 3. Bb5 a6 4. Ba4 Nf6 5. O-O Be7 6. Re1 b5 7. Bb3 O-O 8.
c3 d5 9. exd5 Nxd5 10. Nxe5 Nxe5 11. Rxe5 c6 12. d3 Bd6 13. Re1 Bf5 14. Be3
Qh4 15. g3 Qh3 16. Qf3 Bg4 17. Qg2 Qh5 18. Nd2 Rae8 19. Bd4 Bf4 20. Bxd5
Rxe1+ 21. Rxe1 Bxd2 22. Re5 Bf5 23. Bf3 Qg6 24. Be4 Bxe4 25. Qxe4 f5 26. Qe2
Bh6 27. Re6 Qf7 28. Qe5 Bc1 29. Re7 Qf6 30. Qc7 Qxe7 31. Qxe7 Rf7 32. Qe8+
Rf8 33. Qxc6 Bxb2 34. Qxa6 b4 35. Qc4+ Kh8 36. Qxb4 Bc1 37. Qxf8#
{Black checkmated}
1-0

[Event "ICC tourney 2716 (40 10)"]
[Site "Internet Chess Club"]
[Date "2021.10.23"]
[Round "4"]
[White "Gaw, Chloe:HarleyQueen8"]
[Black "RAMASWAMY, PUDUR:clair"]
[Result "0-1"]
[ICCResult "White resigns"]
[WhiteElo "1828"]
[BlackElo "1769"]
[Opening "Modern defense"]
[ECO "A40"]
[NIC "QO.17"]
[Time "17:46:38"]
[PlyCount "120"]
[TimeControl "2400+10"]

1. d4 g6 2. c4 Bg7 3. Nc3 e6 4. e4 Ne7 5. Nf3 d5 6. Bf4 dxe4 7. Nxe4 Nf5 8.
Bg5 f6 9. Be3 Nxe3 10. fxe3 f5 11. Nc3 Nd7 12. Be2 Qe7 13. Qd2 b6 14. d5 Bb7
15. Nb5 Nc5 16. O-O a6 17. d6 cxd6 18. Nxd6+ Kf8 19. Nxb7 Nxb7 20. e4 Rd8
21. Qf4 Bxb2 22. Rab1 Bf6 23. Qh6+ Bg7 24. Qe3 Nc5 25. exf5 exf5 26. Qxe7+
Kxe7 27. Rxb6 Rb8 28. Rc6 Bh6 29. Rd1 Be3+ 30. Kf1 Rhd8 31. Rc7+ Kf6 32.
Rxd8 Rxd8 33. Rxh7 Rb8 34. Bd1 Rb2 35. Be2 Rb1+ 36. Ne1 Bd2 37. Bd1 Rxd1 38.
Ke2 Rxe1+ 39. Kxd2 Ra1 40. Rc7 Rxa2+ 41. Kc3 Ne4+ 42. Kb3 Rxg2 43. Rc6+ Kg5
44. Rc8 Rxh2 45. c5 Rh3+ 46. Kb4 Nxc5 47. Rxc5 Rh4+ 48. Ka5 Re4 49. Kxa6 Kg4
50. Rc6 g5 51. Kb5 f4 52. Kc5 Kg3 53. Kd5 Re3 54. Kd4 g4 55. Rc2 Kf3 56. Ra2
Re2 57. Ra3+ Kf2 58. Kd3 f3 59. Ra1 g3 60. Rb1 g2 {White resigns} 0-1

[Event "ICC tourney 2716 (40 10)"]
[Site "Internet Chess Club"]
[Date "2021.10.23"]
[Round "4"]
[White "LIU, ZACHARY HANKUN:K03-17349625"]
[Black "RAMESH, RAHUL:rockinroll"]
[Result "1-0"]
[ICCResult "Black resigns"]
[WhiteElo "1586"]
[BlackElo "1833"]
[Opening "French: Rubinstein variation"]
[ECO "C03"]
[NIC "FR.07"]
[Time "17:45:29"]
[PlyCount "93"]
[TimeControl "2400+10"]

1. e4 e6 2. d4 d5 3. Nd2 dxe4 4. Nxe4 Nd7 5. Nf3 Ngf6 6. Bd3 Be7 7. Bf4 Nd5
8. Bd2 a6 9. c3 b6 10. Qc2 c5 11. O-O-O Bb7 12. Rhe1 Rc8 13. dxc5 Nxc5 14.
Nxc5 Rxc5 15. Be3 Rc6 16. Bd4 Nb4 17. Qb1 Bg5+ 18. Be3 Bxe3+ 19. Rxe3 Nd5
20. Ree1 Qf6 21. Be4 Qf4+ 22. Rd2 Rd6 23. Qc2 Kd7 24. g3 Qh6 25. Ne5+ Ke7
26. Nc4 Rdd8 27. f4 b5 28. Ne5 Rd6 29. Nf3 f5 30. Bxf5 Rhd8 31. Rde2 Nxf4
32. gxf4 Qxf4+ 33. Kb1 Bxf3 34. Rxe6+ Rxe6 35. Rxe6+ Kf7 36. Re1 g6 37. Qb3+
Bd5 38. Be6+ Kf6 39. Bxd5 Qd2 40. Rd1 Qxh2 41. c4 Qe2 42. Qc3+ Kg5 43. Rg1+
Kh6 44. Rh1+ Kg5 45. Qg3+ Kf5 46. Qh3+ Qg4 47. Be6+ {Black resigns} 1-0